 Dungeon Crawl Stone Soup version 0.29-a0-472-ge5599a681e (webtiles) character file.

Game seed: 7217690490820809041

618 loir the Magician (level 7, -8/52 HPs)
             Began as a Djinni Fire Elementalist on May 21, 2022.
             Mangled by Duvessa
             ... wielding a +0 short sword
              (12 damage)
             ... on level 5 of the Dungeon on May 22, 2022.
             The game lasted 00:23:26 (3999 turns).

loir the Magician (Djinni Fire Elementalist)        Turns: 3999, Time: 00:23:27

Health: -8/52      AC:  6    Str:  7    XL:     7   Next: 74%
Gold:   192        EV: 12    Int: 18    God:
                   SH:  0    Dex: 14

rFire   + + .      SeeInvis .   e - +2 dagger (venom)
rCold   x . .      Faith    .   (no shield)
rNeg    . . .      Spirit   .   m - +2 robe
rPois   ∞          Reflect  .   (no helmet)
rElec   .          Harm     .   a - scarf {repulsion}
rCorr   .          Rampage  .   o - +1 pair of gloves
Will    +....                   (boots unavailable)
Stlth   ++........              (no amulet)
HPRegen 0.17/turn               n - ring of willpower
MPRegen 0.00/turn               (no ring)

@: flying, studying Spellcasting, repel missiles
A: sickness immunity, fire resistance 2, cold vulnerability 1, float, innate
caster, HP casting, extra vitality 1
a: no special abilities


You were on level 5 of the Dungeon.
You visited 1 branch of the dungeon, and saw 5 of its levels.

You collected 192 gold pieces.

Inventory:

Hand Weapons
 e - a +2 dagger of venom (weapon)
 q - a +1 dagger of speed
Missiles
 d - 186 stones
 h - 5 poisoned darts
Armour
 a - a scarf of repulsion (worn)
 m - a +2 robe (worn)
 o - a +1 pair of gloves (worn)
 s - a +0 cloak
Jewellery
 n - a ring of willpower (left hand)
Wands
 k - a wand of digging (1)
Scrolls
 r - a scroll of fog {unknown}
Potions
 b - a potion of brilliance
 c - 3 potions of curing
 f - 2 potions of invisibility {unknown}
 g - 2 potions of mutation {unknown}
 i - a potion of lignification {unknown}
 j - a potion of cancellation {unknown}
 l - a potion of berserk rage {unknown}
 p - 3 potions of flight {unknown}


   Skills:
 + Level 4.2 Fighting
 - Level 2.1 Dodging
 - Level 1.5 Stealth
 * Level 6.3 Spellcasting


You couldn't memorise any spells.
You knew the following spells:

 Your Spells              Type           Power      Damage    Failure   Level
a - Foxfire               Conj/Fire      100%       2x1d9     1%          1
b - Scorch                Fire           56%        2d7       1%          2
c - Conjure Flame         Conj/Fire      28%        6-21      2%          3
d - Inner Flame           Hex/Fire       28%        N/A       2%          3
e - Flame Wave            Conj/Fire      28%        2d8       9%          4
f - Apportation           Tloc           56%        N/A       1%          1
g - Blink                 Tloc           56%        N/A       1%          2
h - Teleport Other        Tloc           28%        N/A       2%          3
Your spell library was empty.

Dungeon Overview and Level Annotations

Branches:
Dungeon (5/15)
 Temple: D:4-7

Altars:
Okawaru
Qazlal
Trog
Yredelemnul

Shops:
D:3 [

Annotations:
D:5 Duvessa


Innate Abilities, Weirdness & Mutations

You are immune to sickness and miasma.
You are immune to poison.
Your flesh is very heat resistant. (rF++)
You are vulnerable to cold. (rC-)
You float through the air rather than walking.
You learn spells naturally, not from books.
Your magical power is your life essence.
You have superior vitality. (+4 MHP)


Message History

Casting: Scorch (safe; 1% risk of failure)
Confirm with . or Enter, or press ? or * to list all spells.
Flames lash the hound.
The hound is burned terribly!
You kill the hound!
Duvessa is no longer more vulnerable to fire.
Dowan smirks and points a slender finger.
Dowan hits you but does no damage.
Duvessa says, "When magic and the sword combine, nothing stands against them."
Duvessa misses you.
Your Spellcasting skill increases to level 6!
Casting: Scorch (safe; 1% risk of failure)
Confirm with . or Enter, or press ? or * to list all spells.
Flames lash Dowan.
Dowan is burned terribly!
Dowan is moderately wounded.
Dowan closely misses you. Duvessa closely misses you.
Casting: Scorch (safe; 1% risk of failure)
Confirm with . or Enter, or press ? or * to list all spells.
Flames lash Dowan.
Dowan is burned terribly!
You kill Dowan!
Duvessa screams in rage.
Duvessa goes berserk!
Duvessa hits you but does no damage.
Casting: Scorch (safe; 1% risk of failure)
Confirm with . or Enter, or press ? or * to list all spells.
Flames lash Duvessa.
Duvessa is severely wounded.
Duvessa's fire resistance burns away.
Duvessa hits you with a +0 short sword. Duvessa hits you with a +0 short sword!
Casting: Scorch (safe; 1% risk of failure)
Confirm with . or Enter, or press ? or * to list all spells.
Flames lash Duvessa but do no damage.
* * * LOW HITPOINT WARNING * * *
Duvessa hits you with a +0 short sword!
* * * LOW HITPOINT WARNING * * *
Casting: Scorch (safe; 1% risk of failure)
Confirm with . or Enter, or press ? or * to list all spells.
Flames lash Duvessa.
Duvessa is burned terribly!
Duvessa is almost dead.
* * * LOW HITPOINT WARNING * * *
Duvessa closely misses you. Duvessa hits you with a +0 short sword!
You die...

#..............#
#..............# .#
#..............+ .#
#..............# ..#
##...###.####+## ..#
###+###.####..##..###
.....................
...........†.........
#.........#.e@####
#...#########)#######
#... #........# .:[
#........+ ..
#........# #........#
##...#...# #######.#
.[.


You could see Duvessa (berserk, combustible).

Vanquished Creatures
  Sigmund (D:2)
  3 scorpions
  Dowan (D:5)
  A hound (D:5)
  Jessica (D:2)
  An iguana (D:4)
  An orc wizard (D:3)
  Robin (D:2)
  2 adders
  A shadow imp (D:5)
  A worm (D:2)
  9 orcs
  6 bats
  7 endoplasms
  16 goblins
  9 hobgoblins
  5 jackals (D:4)
  5 kobolds
  3 quokkas
  5 ball pythons
  2 frilled lizards
  4 rats (D:1)
85 creatures vanquished.

Vanquished Creatures (others)
  262 foxfires
262 creatures vanquished.

Grand Total: 347 creatures vanquished

Notes
Turn   | Place    | Note
-------+----------+-------------------------------------------
     0 | D:1      | loir the Djinni Fire Elementalist began the quest for the
                  | Orb.
     0 | D:1      | Reached XP level 1. HP: 15/15 MP: 0/0
    55 | D:1      | Found a faded altar of an unknown god.
   381 | D:1      | Reached XP level 2. HP: 17/22 MP: 0/0
   788 | D:1      | Reached skill level 1 in Fighting
  1005 | D:2      | Noticed Sigmund
  1017 | D:2      | Killed Sigmund
  1018 | D:2      | Reached skill level 4 in Spellcasting
  1018 | D:2      | Reached XP level 3. HP: 7/29 MP: 0/0
  1018 | D:2      | Learned a level 1 spell: Apportation
  1018 | D:2      | Reached XP level 4. HP: 9/34 MP: 0/0
  1018 | D:2      | Reached XP level 5. HP: 10/39 MP: 0/0
  1018 | D:2      | Learned a level 2 spell: Blink
  1281 | D:2      | Noticed Robin
  1290 | D:2      | Killed Robin
  1291 | D:2      | Reached XP level 6. HP: 24/45 MP: 0/0
  1516 | D:2      | Noticed Jessica
  1520 | D:2      | Killed Jessica
  2386 | D:3      | Found Wimih's Armour Shoppe.
  2436 | D:3      | Found an iron altar of Okawaru.
  2618 | D:3      | Identified a scroll of acquirement
  2618 | D:3      | Acquired a manual of Spellcasting
  3026 | D:4      | Reached skill level 5 in Spellcasting
  3026 | D:4      | Reached XP level 7. HP: 44/50 MP: 0/0
  3026 | D:4      | Learned a level 3 spell: Teleport Other
  3090 | D:4      | Found a large runed translucent door.
  3091 | D:4      | Found a large runed translucent door.
  3529 | D:4      | Found a bloodstained altar of Trog.
  3676 | D:4      | Upgraded the game from 0.29-a0-468-ge57f7f99b4 to
                  | 0.29-a0-472-ge5599a681e
  3823 | D:4      | Found a basalt altar of Yredelemnul.
  3871 | D:4      | Found a stormy altar of Qazlal.
  3909 | D:5      | Entered Level 5 of the Dungeon
  3981 | D:5      | Noticed Duvessa
  3982 | D:5      | Noticed Dowan
  3995 | D:5      | Reached skill level 6 in Spellcasting
  3996 | D:5      | Killed Dowan
  3999 | D:5      | Mangled by Duvessa

Illustrated notes

Levels and vault maps discovered:
D:1:      wander_arrival_peaceful_grave, layout_rooms,
          chequers_ecumenical_altar_grove
D:2:      layout_loops_cross, uniq_robin, uniq_jessica, uniq_sigmund
D:3:      layout_loops_ring, okawaru_trees_2, serial_shops,
          nicolae_shop_temple_entry_statues_fountains
D:4:      layout_gridville, jmf_multi_god_temple2, bloody_trog
D:5:      layout_gridville, uniq_prince_ribbit1, uniq_duvessa

Skill      XL: |  1  2  3  4  5  6  7 |
---------------+----------------------+-----
Fighting       | 2 3 4 |  4.2
Spellcasting   | 4 5 6 |  6.3
Dodging        | |  2.1
Stealth        | |  1.5

Action                   |  1- 3 |  4- 6 |  7- 9 || total
-------------------------+-------+-------+-------++-------
 Cast: Foxfire           |    33 |    86 |    40 ||   159
       Scorch            |     4 |    14 |    20 ||    38
       Conjure Flame     |       |       |     1 ||     1
  Use: Scroll            |     1 |     7 |       ||     8
Armor: Robe              |       |     1 |     2 ||     3
Dodge: Dodged            |     2 |     3 |     7 ||    12

Table legend: (Time is in decaauts)
 A = Elapsed time spent in this place.
 B = Non-inter-level travel time spent in this place.
 C = Inter-level travel time spent in this place.
 D = Time resting spent in this place.
 E = Time spent auto-exploring this place.
 F = Levels seen in this place.
 G = Mean time per level.
                   A        B        C        D        E       F      G
               +--------+--------+--------+--------+--------+-----+--------+
         Total |   3996 |   3886 |    110 |    288 |   3065 |   5 |  799.2 |
       Dungeon |   3996 |   3886 |    110 |    288 |   3065 |   5 |  799.2 |
               +--------+--------+--------+--------+--------+-----+--------+

Top non-repeatable levels by time:
     D:2: 1241 daAuts
     D:4: 972 daAuts
     D:1: 919 daAuts
     D:3: 773 daAuts
     D:5: 89 daAuts
